[Event "Titled Tuesday Blitz June 28 Late 2022"]
[White "Abdrlauf, Elham"]
[Black "Bortnyk, Olexandr"]
[WhiteFideId "1533533"]
[BlackFideId "14120828"]
[WhiteElo "2403"]
[BlackElo "2723"]
[Result "0-1"]
[Round "07"]
[TimeControl "180+1"]
[Date "2022.06.28"]
[WhiteClock "0:00:02"]
[BlackClock "0:00:54"]

1. e4 d6 2. d4 Nf6 3. Nc3 Nbd7 4. Nge2 e5 5. g3 c6 6. Bg2 b5 7. a3 Bb7 8. O-O Be7 9. h3 a6 10. Kh2 c5 11. dxe5 dxe5 12. Nd5 Nxd5 13. exd5 Bd6 14. Nc3 f5 15. f4 O-O 16. Be3 Qc7 17. Qd2 e4 18. Kh1 Nf6 19. Bg1 Rad8 20. Rad1 Rfe8 21. Qe2 Qf7 22. a4 b4 23. Nb1 Bxd5 24. b3 c4 25. Nd2 cxb3 26. cxb3 Bxb3 27. Nxb3 Qxb3 28. Qxa6 Bf8 29. Rxd8 Rxd8 30. Qb5 Qxg3 31. Bh2 Qg6 32. a5 Rd5 33. Qc4 Qf7 34. Ra1 Rd1+ 0-1


[Site "https://www.chess.com"]

[Event "Titled Tuesday Blitz June 28 Late 2022"]
[White "Adewumi, Tanitoluwa"]
[Black "Kamsky, Gata"]
[WhiteFideId "30966396"]
[BlackFideId "2000024"]
[WhiteElo "2654"]
[BlackElo "2645"]
[Result "0-1"]
[Round "07"]
[TimeControl "180+1"]
[Date "2022.06.28"]
[WhiteClock "0:00:01"]
[BlackClock "0:00:17"]

1. d4 f5 2. Nc3 Nf6 3. Bg5 d5 4. Bxf6 exf6 5. e3 Be6 6. Bd3 Nc6 7. a3 Qd7 8. Nge2 Ne7 9. b3 g5 10. Na4 b6 11. c4 c6 12. Rc1 dxc4 13. bxc4 Ng6 14. d5 cxd5 15. cxd5 Qxd5 16. Nd4 Bd7 17. Nc3 Qxg2 18. Rf1 Bxa3 19. Rb1 Rc8 20. Qb3 Bc5 21. Nxf5 Ne5 22. Be4 Qg4 23. Nd5 Rf8 24. f3 Qh3 25. Rd1 Bxf5 26. Nxf6+ Rxf6 27. Qg8+ Bf8 28. Bb7 Rc7 29. Qd5 Nd7 30. Bc6 Bb4+ 31. Ke2 Ke7 32. Rf2 Be6 33. Qd4 Bc5 34. Qe4 Qf5 35. Bxd7 Qxe4 36. fxe4 Bc4+ 0-1


[Site "https://www.chess.com"]

[Event "Titled Tuesday Blitz June 28 Late 2022"]
[White "Aggelis, Nikolaos"]
[Black "Goncalves, Davi Sulzbacher"]
[WhiteFideId "4213220"]
[BlackFideId "2154510"]
[WhiteElo "2604"]
[BlackElo "2467"]
[Result "1/2-1/2"]
[Round "07"]
[TimeControl "180+1"]
[Date "2022.06.29"]
[WhiteClock "0:00:45"]
[BlackClock "0:00:29"]

1. d4 Nf6 2. g3 g6 3. Bg2 Bg7 4. Nf3 O-O 5. O-O d5 6. c4 c6 7. cxd5 cxd5 8. Ne5 Ng4 9. Nxg4 Bxg4 10. Nc3 Nc6 11. Bxd5 Nxd4 12. Bxb7 Rb8 13. Bg2 Nxe2+ 14. Nxe2 Qxd1 15. Rxd1 Bxe2 16. Rd7 Rfd8 17. Rxd8+ Rxd8 18. Be3 Bxb2 19. Re1 Bc4 20. Bxa7 Bxa2 21. Bb6 Rb8 22. Bc7 Rc8 23. Rxe7 Bf6 24. Bb7 Bxe7 25. Bxc8 h5 26. h3 Kg7 27. Bb7 Be6 28. Kg2 Bf6 29. f4 Bd4 30. Bf3 f5 31. Be5+ Bxe5 32. fxe5 Kf7 33. Kf2 f4 34. gxf4 Bxh3 35. Bd5+ Be6 36. Be4 h4 37. Kf3 Kg7 38. Bd3 Kh6 39. Be2 g5 40. fxg5+ Kxg5 41. Kg2 Kf4 42. Kh2 Kxe5 43. Bf1 Kf4 44. Bh3 Bd5 45. Bg2 Bc4 46. Bh3 Be2 47. Bg2 Bh5 48. Bh3 Be2 49. Bg2 Kg4 50. Bh3+ Kg5 51. Bg2 Bg4 52. Bh3 Bf3 53. Bg2 Be2 54. Bh3 Bf3 55. Bg2 Bg4 56. Bh3 Bh5 57. Bg2 Kf4 58. Bh3 Kf3 59. Bg2+ Kf4 1/2-1/2


[Site "https://www.chess.com"]

[Event "Titled Tuesday Blitz June 28 Late 2022"]
[White "Ahn, Hongjin"]
[Black "Paszewski, Mateusz"]
[WhiteFideId "13201492"]
[BlackFideId "1141058"]
[WhiteElo "2503"]
[BlackElo "2673"]
[Result "1-0"]
[Round "07"]
[TimeControl "180+1"]
[Date "2022.06.29"]
[WhiteClock "0:00:08"]
[BlackClock "0:00:01"]

1. d4 d5 2. Nf3 Nf6 3. c4 c6 4. Nc3 e6 5. g3 dxc4 6. Bg2 Nbd7 7. O-O b5 8. a4 Qb6 9. Ne5 Bb7 10. Bg5 a6 11. e4 Nxe5 12. dxe5 Nd7 13. Bf4 Rd8 14. Qh5 h6 15. Rad1 g6 16. Qh3 Bg7 17. Rd6 Nxe5 18. Bxe5 Bxe5 19. Rxe6+ fxe6 20. Qxe6+ Kf8 21. Qxe5 Rh7 22. Qf6+ Kg8 23. Nd5 Qa5 24. Qxg6+ Kh8 25. Nf6 Qc7 26. Nxh7 Qg7 27. Qf5 Bc8 28. Qf6 Rd2 29. Qxc6 Bd7 30. Qa8+ Kxh7 31. e5 Qxe5 32. Qxa6 Rxb2 33. Qb7 1-0


[Site "https://www.chess.com"]

[Event "Titled Tuesday Blitz June 28 Late 2022"]
[White "Ambartsumova, Karina"]
[Black "Araujo Sanchez, Josue"]
[WhiteFideId "4166299"]
[BlackFideId "6416896"]
[WhiteElo "2262"]
[BlackElo "2339"]
[Result "1-0"]
[Round "07"]
[TimeControl "180+1"]
[Date "2022.06.28"]
[WhiteClock "0:00:13"]
[BlackClock "0:00:02"]

1. Nf3 g6 2. g3 Bg7 3. Bg2 c5 4. c4 Nc6 5. O-O e6 6. e3 Nge7 7. d4 cxd4 8. exd4 d5 9. c5 Nf5 10. Be3 b6 11. cxb6 Qxb6 12. Nc3 O-O 13. Na4 Qb5 14. Rc1 Bd7 15. Nc5 Be8 16. Qd2 Nxe3 17. fxe3 Rb8 18. b3 Bh6 19. Rfe1 a5 20. Bf1 Qb4 21. Qf2 Qb6 22. Bd3 Rc8 23. h4 e5 24. Na4 Qb8 25. Ba6 Rd8 26. Nc5 exd4 27. exd4 Bxc1 28. Rxc1 h5 29. Kg2 Ne7 30. Bd3 Bb5 31. Bb1 Bd7 32. Ne5 Bf5 33. Bxf5 Nxf5 34. Nc6 Qb5 35. Nxd8 Rxd8 36. Re1 Qb4 37. Kh2 Nxd4 38. Nd3 Qc3 39. Re3 Nf5 40. Rf3 Re8 41. Nf4 Qe5 42. Nxh5 Re7 43. Nf4 d4 44. Rd3 Ne3 45. Qf3 Rc7 46. Kh3 Rc1 47. Rd2 Qf5+ 48. g4 Qe5 49. h5 g5 50. Nd3 Rh1+ 51. Qxh1 Qf6 52. Rf2 Qe6 53. Qf3 f5 54. Kh2 Nxg4+ 55. Kg2 Nxf2 56. Qxf2 Qc6+ 57. Qf3 Qc2+ 58. Kg1 Qb1+ 59. Kg2 Qc2+ 60. Nf2 g4 61. Qd3 Qc6+ 62. Kg3 Qd6+ 63. Kg2 Qd5+ 64. Kg1 Qe5 65. h6 g3 66. Nd1 Kf7 67. Kg2 f4 68. Qh7+ Ke8 69. Qg8+ Ke7 70. Qg7+ Qxg7 71. hxg7 Kf7 72. a3 Kxg7 73. b4 axb4 74. a4 Kf6 75. a5 Kf5 76. a6 Kg4 77. a7 f3+ 78. Kg1 g2 79. a8=Q 1-0


[Site "https://www.chess.com"]

[Event "Titled Tuesday Blitz June 28 Late 2022"]
[White "Andreikin, Dmitry"]
[Black "Bluebaum, Matthias"]
[WhiteFideId "4158814"]
[BlackFideId "24651516"]
[WhiteElo "2736"]
[BlackElo "2556"]
[Result "1-0"]
[Round "07"]
[TimeControl "180+1"]
[Date "2022.06.28"]
[WhiteClock "0:00:05"]
[BlackClock "0:00:07"]

1. d4 d5 2. c4 e6 3. Nf3 Nf6 4. g3 Bb4+ 5. Bd2 a5 6. a3 Be7 7. Bg2 O-O 8. O-O c6 9. Qc2 Nbd7 10. Rc1 h6 11. Bf4 Nh5 12. Bd2 f5 13. Nc3 Bd6 14. e3 g5 15. Ne1 Nhf6 16. b4 Ne4 17. b5 Ndf6 18. Nd3 Bd7 19. c5 Bc7 20. Rab1 Nxc3 21. Bxc3 cxb5 22. Ne5 Bc6 23. Bf1 Qe8 24. Qb2 Ne4 25. Bxb5 Bxe5 26. dxe5 Nxc5 27. Bd4 Nd7 28. Bxc6 bxc6 29. Qb7 c5 30. Bxc5 Rb8 31. Qc7 Nxc5 32. Qxc5 Rxb1 33. Rxb1 f4 34. exf4 gxf4 35. Qxa5 Qh5 36. Qa7 Qxe5 37. a4 Qf5 38. Re1 f3 39. Qe7 Rf6 40. Rc1 Rf7 41. Qh4 Qg5 42. Rc8+ Kg7 43. Qd4+ e5 44. Qxd5 Qf5 45. h4 Qb1+ 46. Kh2 Qe1 47. Rc2 Re7 48. Qd6 Rf7 49. Qe6 Qe4 50. Rc4 Qe2 51. Rg4+ Kf8 52. Qc8+ Ke7 53. Qc7+ Ke6 54. Rg6+ Kd5 55. Qxf7+ Kc5 56. Qc7+ Kb4 57. Rb6+ Ka3 58. Qc3+ Ka2 59. Qb3+ Ka1 60. Qb1# 1-0


[Site "https://www.chess.com"]

[Event "Titled Tuesday Blitz June 28 Late 2022"]
[White "Andrews, Todd"]
[Black "Fajdetic, Hrvoje"]
[WhiteFideId "2012456"]
[BlackFideId "14501945"]
[WhiteElo "2365"]
[BlackElo "2172"]
[Result "0-1"]
[Round "07"]
[TimeControl "180+1"]
[Date "2022.06.29"]
[WhiteClock "0:00:51"]
[BlackClock "0:00:10"]

1. e4 c5 2. Nf3 g6 3. d4 cxd4 4. Nxd4 Bg7 5. Nc3 Nc6 6. Be3 Nf6 7. Bc4 Ng4 8. Nxc6 Nxe3 9. Bxf7+ Kf8 10. Qf3 dxc6 11. Bb3+ Bf6 12. fxe3 e5 13. Rd1 Qe7 14. O-O Kg7 15. Na4 b6 16. Rd2 Be6 17. Bxe6 Qxe6 18. Rdf2 Rhf8 19. b3 Be7 20. Qg3 Rxf2 21. Rxf2 Rf8 22. h3 Rxf2 23. Qxf2 Qd6 24. Nb2 b5 25. Nd3 c5 26. Qg3 Bf6 27. Qg4 c4 28. Nf2 Qd2 29. bxc4 Qe1+ 30. Kh2 Qxf2 31. Qd7+ Kh6 32. cxb5 Qxe3 33. Qd3 Qxd3 34. cxd3 Kg5 35. Kg3 Be7 36. Kf3 Bc5 37. a4 h5 38. g3 h4 39. g4 Bd4 40. a5 Bc5 41. Ke2 Kf4 42. Kd2 Kg3 43. Kc3 Kxh3 44. Kc4 Bd4 45. b6 axb6 46. a6 b5+ 47. Kxb5 Kxg4 48. Kc6 h3 49. Kd5 h2 50. a7 Bxa7 51. Kxe5 h1=Q 52. d4 Bxd4+ 53. Kxd4 Kf4 54. Kd5 Qxe4+ 55. Kd6 g5 0-1


[Site "https://www.chess.com"]

[Event "Titled Tuesday Blitz June 28 Late 2022"]
[White "Ardila, Oscar Humberto"]
[Black "Chernomordik, Pavel"]
[WhiteFideId "4404742"]
[BlackFideId "2804530"]
[WhiteElo "1956"]
[BlackElo "2220"]
[Result "0-1"]
[Round "07"]
[TimeControl "180+1"]
[Date "2022.06.29"]
[WhiteClock "0:00:15"]
[BlackClock "0:00:42"]

1. d4 g6 2. c4 Bg7 3. Nc3 d6 4. Nf3 Nc6 5. e3 e5 6. dxe5 Nxe5 7. Nxe5 Bxe5 8. Bd2 Be6 9. Be2 Ne7 10. O-O O-O 11. Qc2 f5 12. Bf3 c6 13. Rad1 Bxc4 14. Rfe1 Be6 15. a3 Qb6 16. b4 a5 17. Na4 Qc7 18. b5 Bd5 19. b6 Qd7 20. Be2 Qe6 21. Rb1 Be4 22. Bd3 Bxd3 23. Qxd3 Nd5 24. Nc3 Nxc3 25. Bxc3 Bxc3 26. Qxc3 a4 27. Rb4 d5 28. Qd4 f4 29. Rxa4 Rxa4 30. Qxa4 fxe3 31. Rxe3 Qf5 32. f3 Qb1+ 33. Kf2 Qxb6 34. Qb4 Qxb4 35. axb4 Rf4 36. Rb3 b5 37. Ke3 Rc4 38. Ra3 Rxb4 39. Ra7 Rc4 40. f4 b4 41. Rb7 c5 42. Kf3 d4 43. Ke4 Rc3 44. Ke5 d3 45. Kf6 h5 46. Kxg6 Kf8 47. f5 Rc2 48. g3 Ke8 49. f6 Rf2 50. f7+ Kd8 51. Rb8+ Ke7 52. Re8+ Kd7 53. f8=Q Rxf8 54. Rxf8 d2 55. Rf1 c4 56. Kxh5 c3 57. g4 c2 58. g5 d1=Q+ 59. Rxd1+ cxd1=Q+ 60. Kh6 Ke6 61. h4 Qg4 62. h5 b3 63. g6 Kf6 0-1


[Site "https://www.chess.com"]

[Event "Titled Tuesday Blitz June 28 Late 2022"]
[White "Arnold, Ken"]
[Black "Sarkar, Justin"]
[WhiteFideId "2056836"]
[BlackFideId "2010011"]
[WhiteElo "2270"]
[BlackElo "2020"]
[Result "0-1"]
[Round "07"]
[TimeControl "180+1"]
[Date "2022.06.29"]
[WhiteClock "0:00:13"]
[BlackClock "0:00:05"]

1. e4 e5 2. Nf3 Nc6 3. Bc4 Nf6 4. d3 Be7 5. O-O O-O 6. h3 d5 7. exd5 Nxd5 8. Re1 Qd6 9. Nbd2 Nb6 10. Ne4 Qg6 11. Ng3 Nxc4 12. dxc4 f6 13. c3 Be6 14. Qe2 Rad8 15. b3 Qd3 16. Bb2 Qxe2 17. Rxe2 Kf7 18. Rae1 Rfe8 19. Nh4 Bf8 20. Nhf5 g6 21. Ne3 f5 22. Ngf1 e4 23. Nd5 Bxd5 24. cxd5 Rxd5 25. f3 Rde5 26. c4 Bc5+ 27. Kh1 Bd4 28. Bxd4 Nxd4 29. Rd2 c5 30. f4 R5e7 31. Ne3 h5 32. h4 b6 33. Kg1 Rd7 34. Kf2 Red8 35. Nd5 Ne6 36. Red1 Nxf4 37. Ke3 Nd3 38. Rxd3 exd3 39. Rxd3 Ke6 40. Kf4 Rxd5 41. cxd5+ Rxd5 42. Re3+ Kf6 43. Re8 Rd4+ 44. Kg3 Rg4+ 45. Kh3 c4 46. bxc4 Rxc4 47. Ra8 Ra4 0-1


[Site "https://www.chess.com"]

[Event "Titled Tuesday Blitz June 28 Late 2022"]
[White "Averjanov, Alexey"]
[Black "Perske, Thore"]
[WhiteFideId "14109867"]
[BlackFideId "12902195"]
[WhiteElo "2671"]
[BlackElo "2503"]
[Result "0-1"]
[Round "07"]
[TimeControl "180+1"]
[Date "2022.06.29"]
[WhiteClock "0:00:31"]
[BlackClock "0:00:03"]

1. d4 Nf6 2. c4 g6 3. Nc3 Bg7 4. e4 d6 5. Be2 O-O 6. Nf3 e5 7. O-O Nc6 8. d5 Ne7 9. Ne1 Ne8 10. Be3 f5 11. f3 f4 12. Bf2 g5 13. c5 Ng6 14. a4 Rf7 15. a5 Bf8 16. cxd6 cxd6 17. Nb5 a6 18. Na3 Qxa5 19. Nc4 Qd8 20. Nb6 Rb8 21. Rc1 Nf6 22. Qb3 g4 23. Nd3 g3 24. hxg3 fxg3 25. Bxg3 Bh6 26. Rxc8 Rxc8 27. Nxc8 Qxc8 28. Qb6 Nh5 29. Bh2 Qd7 30. b4 Rg7 31. g4 Nhf4 32. Nxf4 Bxf4 33. b5 Bxh2+ 34. Kxh2 Qe7 35. Qf2 a5 36. Rc1 h5 37. Rc8+ Kh7 38. b6 Nf4 39. Rc7 Qd8 40. Rxg7+ Kxg7 41. gxh5 Qg5 42. Bf1 Qxh5+ 43. Kg1 Qg5+ 44. Kh2 Kf6 45. Qg3 a4 46. Qxg5+ Kxg5 47. Kg3 a3 48. Bc4 Nd3 49. f4+ exf4+ 50. Kf3 Ne5+ 51. Ke2 Nxc4 0-1


[Site "https://www.chess.com"]

[Event "Titled Tuesday Blitz June 28 Late 2022"]
[White "Bayo Milagro, Alvaro"]
[Black "Mickiewicz, Piotr"]
[WhiteFideId "22275240"]
[BlackFideId "1114891"]
[WhiteElo "2270"]
[BlackElo "2209"]
[Result "1-0"]
[Round "07"]
[TimeControl "180+1"]
[Date "2022.06.28"]
[WhiteClock "0:01:05"]
[BlackClock "0:00:27"]

1. d4 Nf6 2. Nf3 c5 3. d5 e6 4. c4 exd5 5. cxd5 d6 6. Nc3 a6 7. a4 g6 8. Nd2 Bg7 9. e4 O-O 10. Be2 Qc7 11. O-O Nbd7 12. Qc2 Re8 13. f4 c4 14. Kh1 Nc5 15. e5 Bf5 16. Qd1 dxe5 17. Nxc4 e4 18. Be3 Nd3 19. Qb3 Nd7 20. g4 N3c5 21. Qc2 Bxc3 22. Qxc3 Bxg4 23. Bxg4 Nf6 24. Qxf6 Nb3 25. Rac1 Nxc1 26. Bd4 Kf8 27. d6 Qxc4 28. Qg7# 1-0


[Site "https://www.chess.com"]

[Event "Titled Tuesday Blitz June 28 Late 2022"]
[White "Berant"]
[Black "Sanchez Alarcon, Juan"]
[BlackFideId "3401332"]
[WhiteElo "2519"]
[BlackElo "2233"]
[Result "1-0"]
[Round "07"]
[TimeControl "180+1"]
[Date "2022.06.29"]
[WhiteClock "0:01:48"]
[BlackClock "0:02:00"]

1. e4 c5 2. Nf3 d6 3. d4 cxd4 4. Nxd4 Nf6 5. Nc3 a6 6. Bc4 e6 7. Qe2 b5 8. Bb3 Qc7 9. O-O Be7 10. Kh1 O-O 11. f4 Nc6 12. Nxc6 Qxc6 13. e5 Nd7 14. exd6 Bxd6 15. Ne4 Be7 16. f5 Bb7 17. fxe6 fxe6 18. Bd2 Nc5 19. Nxc5 Bxc5 20. Qxe6+ Qxe6 21. Bxe6+ Kh8 22. Bc3 Rae8 23. Bd7 Re2 24. Rxf8+ Bxf8 25. Bh3 Rxc2 26. Rd1 b4 27. Bxb4 Bxb4 28. Rd8+ 1-0


[Site "https://www.chess.com"]

[Event "Titled Tuesday Blitz June 28 Late 2022"]
[White "Bjelobrk, Igor"]
[Black "Livaic, Leon"]
[WhiteFideId "4300726"]
[BlackFideId "14531534"]
[WhiteElo "2335"]
[BlackElo "2540"]
[Result "1-0"]
[Round "07"]
[TimeControl "180+1"]
[Date "2022.06.28"]
[WhiteClock "0:00:15"]
[BlackClock "0:00:02"]

1. Nf3 Nf6 2. c4 b6 3. g3 Bb7 4. Bg2 c5 5. d4 cxd4 6. Qxd4 g6 7. Nc3 Bg7 8. O-O d6 9. Rd1 Nbd7 10. Be3 Rc8 11. Rac1 a6 12. b3 O-O 13. Qh4 Re8 14. g4 Rc7 15. Bh3 Qa8 16. g5 Ne4 17. Nd5 Bxd5 18. Rxd5 e6 19. Rdd1 b5 20. Bg2 bxc4 21. Nd2 d5 22. Nxe4 dxe4 23. Bxe4 Qc8 24. Rxc4 Rxc4 25. bxc4 Nc5 26. Bf3 Qc7 27. Kg2 Rc8 28. Qg4 Nd7 29. Qe4 Nc5 30. Qc2 Be5 31. h4 Bf4 32. Qc1 Bxe3 33. Qxe3 Na4 34. Rc1 Qc5 35. Qf4 Nb6 36. Bb7 Rd8 37. Bxa6 Rd4 38. Qg3 Nd5 39. cxd5 Qxc1 40. Qb8+ Kg7 41. Qe5+ f6 42. Qxd4 e5 43. Qc4 Qa3 44. Qc7+ Kf8 45. gxf6 1-0


[Site "https://www.chess.com"]

[Event "Titled Tuesday Blitz June 28 Late 2022"]
[White "Bolourchifard, Farzad"]
[Black "Eynullayev, Atilla"]
[WhiteFideId "12510084"]
[BlackFideId "13413570"]
[WhiteElo "2614"]
[BlackElo "2471"]
[Result "1-0"]
[Round "07"]
[TimeControl "180+1"]
[Date "2022.06.29"]
[WhiteClock "0:00:18"]
[BlackClock "0:00:06"]

1. e4 c5 2. Nc3 d6 3. g3 Nf6 4. Bg2 e6 5. Nge2 Nc6 6. O-O Be7 7. d3 O-O 8. Be3 Rb8 9. h3 b5 10. Qd2 b4 11. Nd1 a5 12. a3 Bb7 13. f4 Nd7 14. f5 Bf6 15. g4 Be5 16. axb4 axb4 17. c3 bxc3 18. bxc3 d5 19. d4 cxd4 20. cxd4 Bc7 21. e5 Ba5 22. Ndc3 Ndxe5 23. dxe5 d4 24. Nxd4 Nxe5 25. fxe6 Bxg2 26. Kxg2 Nc4 27. Qd3 Rb2+ 28. Nce2 Qd5+ 29. Kg1 Nxe3 30. Qxe3 Bb6 31. exf7+ Kh8 32. Rf2 Rxe2 33. Qxe2 Bxd4 34. Rf1 Bxf2+ 35. Rxf2 h6 36. Qe7 Qd1+ 37. Kg2 Qd5+ 38. Rf3 Qa8 39. Kg3 Qb8+ 40. Kg2 Qa8 41. h4 Qb8 42. h5 Qa8 43. Kg3 Qb8+ 44. Kh3 Qc8 45. Re3 Qa8 46. Qxf8+ Qxf8 47. Re8 1-0


[Site "https://www.chess.com"]

[Event "Titled Tuesday Blitz June 28 Late 2022"]
[White "Bongo Akanga Ndjila, Barthelemy"]
[Black "Yeshchenko, Uliana"]
[WhiteFideId "10609431"]
[BlackFideId "14187272"]
[WhiteElo "1768"]
[BlackElo "1890"]
[Result "0-1"]
[Round "07"]
[TimeControl "180+1"]
[Date "2022.06.29"]
[WhiteClock "0:00:13"]
[BlackClock "0:02:41"]

1. d4 d5 2. c4 e6 3. Nc3 a6 4. cxd5 exd5 5. Nf3 c6 6. g3 Bd6 7. Bg2 Nf6 8. O-O O-O 9. Bg5 Be6 10. Rb1 Nbd7 11. b4 h6 12. Bc1 Nb6 13. a4 Nc4 14. b5 axb5 15. axb5 c5 16. dxc5 Bxc5 17. Nd4 Qb6 18. e4 Bxd4 0-1


[Site "https://www.chess.com"]

[Event "Titled Tuesday Blitz June 28 Late 2022"]
[White "Bortnyk, Mykola"]
[Black "Rasulov, Vugar"]
[WhiteFideId "14120836"]
[BlackFideId "13402390"]
[WhiteElo "2582"]
[BlackElo "2560"]
[Result "0-1"]
[Round "07"]
[TimeControl "180+1"]
[Date "2022.06.28"]
[WhiteClock "0:00:05"]
[BlackClock "0:00:04"]

1. e4 c5 2. c3 Nf6 3. e5 Nd5 4. d4 cxd4 5. Qxd4 e6 6. Bc4 Nc6 7. Qe4 Nde7 8. Bg5 Qb6 9. Bb3 d5 10. Qe2 Ng6 11. Nf3 Qc7 12. O-O h6 13. Be3 Ngxe5 14. Nxe5 Qxe5 15. Nd2 Qc7 16. Rae1 Be7 17. Qg4 Bf6 18. Bc5 Ne5 19. Qb4 a5 20. Qa3 Nd3 21. Bd6 Qd7 22. Re3 Nxb2 23. Bxd5 Na4 24. Ne4 Nb6 25. Bb3 a4 26. Bxe6 fxe6 27. Nxf6+ gxf6 28. Qc5 h5 29. Rfe1 Kf7 30. Rxe6 Qxe6 31. Rxe6 Bxe6 32. Qxb6 Rhe8 33. Qxb7+ Kg6 34. a3 Bd5 35. Qb1+ Be4 36. Qd1 Rab8 37. Bb4 Rbd8 38. Qxa4 h4 39. h3 Bf5 40. Kh2 Re2 41. c4 Rxf2 42. Bc5 Re2 43. Qc6 Rde8 44. Qf3 R8e4 45. Bf2 Rc2 46. Bg1 Ree2 47. Qf1 Be4 48. Bf2 Rxf2 49. Qe1 Rxg2+ 50. Kh1 Rh2+ 51. Kg1 Rh1# 0-1


[Site "https://www.chess.com"]

[Event "Titled Tuesday Blitz June 28 Late 2022"]
[White "Brodowski, Piotr"]
[Black "Nilsson, Joakim"]
[WhiteFideId "1124480"]
[BlackFideId "1723383"]
[WhiteElo "2431"]
[BlackElo "2210"]
[Result "1-0"]
[Round "07"]
[TimeControl "180+1"]
[Date "2022.06.29"]
[WhiteClock "0:00:31"]
[BlackClock "0:01:37"]

1. c4 e6 2. Nf3 Nf6 3. Nc3 d5 4. e3 c5 5. cxd5 Nxd5 6. Be2 Nc6 7. O-O Be7 8. d4 O-O 9. e4 Nxc3 10. bxc3 e5 11. d5 Na5 12. Nxe5 f5 13. Nc4 fxe4 14. d6 Bf6 15. Nxa5 Qxa5 16. d7 Bxd7 17. Qxd7 Bxc3 18. Bc4+ Kh8 19. Rb1 Bd4 20. Be3 Bxe3 21. fxe3 Qc3 22. Qd5 Qxe3+ 23. Kh1 Rad8 24. Qxb7 Qc3 25. Qxe4 Rfe8 26. Rbd1 h5 27. Rxd8 Rxd8 28. Qh4 Qd4 29. Qxh5# 1-0


[Site "https://www.chess.com"]

[Event "Titled Tuesday Blitz June 28 Late 2022"]
[White "Chen, Max"]
[Black "Leiva, Gianmarco"]
[WhiteFideId "2622440"]
[BlackFideId "3804399"]
[WhiteElo "2467"]
[BlackElo "2323"]
[Result "1-0"]
[Round "07"]
[TimeControl "180+1"]
[Date "2022.06.28"]
[WhiteClock "0:00:14"]
[BlackClock "0:00:02"]

1. e4 c5 2. c3 Nf6 3. e5 Nd5 4. d4 cxd4 5. Nf3 d6 6. cxd4 Nc6 7. Bc4 dxe5 8. dxe5 Ndb4 9. O-O Qxd1 10. Rxd1 Bg4 11. e6 fxe6 12. Nc3 Nc2 13. Rb1 Bxf3 14. gxf3 N2d4 15. Kg2 g6 16. Ne4 e5 17. Ng5 Bh6 18. Nf7 Bxc1 19. Nxh8 Bf4 20. Nf7 Na5 21. Bd5 e6 22. Nd6+ Kd7 23. Nxb7 exd5 24. Nxa5 Rc8 25. Rd3 Rc2 26. Nb3 Nxb3 27. Rxb3 d4 28. Rb7+ Kc6 29. Rxa7 Be3 30. b4 d3 31. b5+ Kd6 32. b6 Bxf2 33. Kf1 d2 34. Ra8 Rc1+ 35. Kxf2 d1=Q 36. Rd8+ 1-0


[Site "https://www.chess.com"]

[Event "Titled Tuesday Blitz June 28 Late 2022"]
[White "Colpe, Malte"]
[Black "Kaganskiy, Gleb"]
[WhiteFideId "24623075"]
[BlackFideId "4132025"]
[WhiteElo "2328"]
[BlackElo "2165"]
[Result "1/2-1/2"]
[Round "07"]
[TimeControl "180+1"]
[Date "2022.06.29"]
[WhiteClock "0:00:37"]
[BlackClock "0:00:07"]

1. e4 g6 2. d4 Nf6 3. e5 Nh5 4. Be2 d6 5. exd6 cxd6 6. Bxh5 Qa5+ 7. Nc3 Qxh5 8. Qxh5 gxh5 9. Bf4 Rg8 10. g3 Bg7 11. O-O-O Nc6 12. d5 Ne5 13. Nb5 Kd8 14. Nd4 Bg4 15. f3 Bd7 16. b3 Rc8 17. Kb1 b5 18. Nge2 b4 19. Rhe1 a5 20. Bxe5 Bxe5 21. f4 Bf6 22. h4 Bxd4 23. Rxd4 Bg4 24. Ng1 Rc3 25. Rd3 Rxd3 26. cxd3 Bf5 27. Re3 Bg4 28. Nf3 Bxf3 29. Rxf3 Kd7 30. Kc2 Rc8+ 31. Kd2 Rc5 32. d4 Rxd5 33. Ke3 Rb5 34. f5 f6 35. Kf4 Rb7 36. g4 hxg4 37. Kxg4 Rc7 38. Kh5 Rc3 39. Rf4 Rc2 40. Kh6 Rxa2 41. Kxh7 Rb2 42. Rf3 Rd2 43. h5 Rxd4 44. Rh3 Rg4 45. h6 d5 46. Kh8 d4 47. h7 Kd6 48. Rg3 Rxg3 1/2-1/2


[Site "https://www.chess.com"]

[Event "Titled Tuesday Blitz June 28 Late 2022"]
[White "Corrales Jimenez, Fidel"]
[Black "Schekachikhin, Maksim"]
[WhiteFideId "3506690"]
[BlackFideId "24177830"]
[WhiteElo "2541"]
[BlackElo "2239"]
[Result "1-0"]
[Round "07"]
[TimeControl "180+1"]
[Date "2022.06.28"]
[WhiteClock "0:00:20"]
[BlackClock "0:00:03"]

1. d4 d5 2. c4 c6 3. Nf3 Nf6 4. e3 Bf5 5. Nc3 e6 6. Nh4 Bg4 7. f3 Bh5 8. Qb3 Qc7 9. cxd5 cxd5 10. Bd2 Nc6 11. Rc1 Be7 12. Be2 O-O 13. g3 Rad8 14. O-O Rfe8 15. a3 a6 16. Qd1 e5 17. dxe5 Nxe5 18. Nf5 Qb6 19. Na4 Qa7 20. Nxe7+ Rxe7 21. g4 Bg6 22. Qe1 Nd3 23. Bxd3 Bxd3 24. Rf2 b5 25. Nc5 Bc4 26. b4 Nd7 27. Nxd7 Rdxd7 28. Rg2 d4 29. e4 f6 30. h4 Rd8 31. g5 f5 32. g6 h6 33. e5 d3+ 34. Kh2 Qd4 35. f4 Re6 36. Qf2 Qxf2 37. Rxf2 Rxg6 38. Rg1 Rxg1 39. Kxg1 Kf7 40. Rg2 g6 41. Kf2 Be6 42. Rg3 Bc4 43. Ke3 Rg8 44. Bc3 Ke6 45. Rh3 h5 46. Rg3 Kf7 47. Rg5 Rd8 48. Bd2 Rc8 49. Rg1 Rd8 50. Rc1 Ke6 51. Rc3 Rd7 52. a4 Rd8 53. axb5 axb5 54. Ra3 Rd7 55. Ra6+ Ke7 56. Rf6 Bf7 57. Rb6 Be6 58. Rxb5 Rc7 59. Rb6 Ra7 60. Kxd3 Ra3+ 61. Kd4 Rh3 62. b5 Rxh4 63. Bb4+ Kf7 64. Rb7+ Kg8 65. Bd2 Rh2 66. Be3 h4 67. b6 h3 68. Re7 Bc8 69. Re8+ Kf7 70. Rxc8 Rb2 71. Kc3 Rb5 72. Rh8 Kg7 73. Rxh3 1-0


[Site "https://www.chess.com"]

[Event "Titled Tuesday Blitz June 28 Late 2022"]
[White "Dardha, Daniel"]
[Black "Martinez Alcantara, Jose Eduardo"]
[WhiteFideId "240990"]
[BlackFideId "3805662"]
[WhiteElo "2482"]
[BlackElo "2703"]
[Result "0-1"]
[Round "07"]
[TimeControl "180+1"]
[Date "2022.06.28"]
[WhiteClock "0:00:48"]
[BlackClock "0:01:37"]

1. d4 Nf6 2. c4 e6 3. g3 Bb4+ 4. Bd2 c5 5. Bxb4 cxb4 6. Bg2 a5 7. Nf3 O-O 8. O-O d6 9. a3 Na6 10. axb4 Nxb4 11. Nc3 Bd7 12. Qd2 Qc7 13. b3 h6 14. e4 e5 15. Rfe1 Rfe8 16. dxe5 dxe5 17. Nd5 Nfxd5 18. exd5 e4 19. Nd4 f5 20. Bh3 Qe5 21. Red1 Nd3 22. Ne2 Nxf2 23. Bg2 Nxd1 24. Rxd1 a4 25. bxa4 Rxa4 26. d6 Ra1 27. h4 Rxd1+ 28. Qxd1 Re6 29. Qb3 Qxd6 30. Nf4 Qb6+ 31. c5 Qxb3 0-1


[Site "https://www.chess.com"]

[Event "Titled Tuesday Blitz June 28 Late 2022"]
[White "De La Colina, Nicolas"]
[Black "Prieto Aranguren, Alain"]
[WhiteFideId "30946921"]
[BlackFideId "2268906"]
[WhiteElo "2046"]
[BlackElo "2224"]
[Result "0-1"]
[Round "07"]
[TimeControl "180+1"]
[Date "2022.06.29"]
[WhiteClock "0:00:01"]
[BlackClock "0:00:03"]

1. e4 c5 2. c3 Qa5 3. Nf3 Nf6 4. Bd3 c4 5. Bc2 b5 6. O-O d6 7. Re1 e5 8. Na3 Nbd7 9. b3 Ba6 10. Bb2 Be7 11. d3 O-O 12. Nd2 d5 13. b4 Qb6 14. exd5 cxd3 15. Bxd3 Nxd5 16. Nf3 Nf4 17. Bxh7+ Kxh7 18. Qxd7 Qg6 19. g3 Bf6 20. Nxe5 Bxe5 21. Rxe5 f6 22. Re7 Bc8 23. Qc7 Nh3+ 24. Kg2 Rd8 25. Rae1 Rd2 26. R1e2 Rxe2 27. Rxe2 Qd3 28. Re7 Qd5+ 29. Kf1 Qd1+ 30. Kg2 Qd5+ 31. Kf1 Qg8 32. Qc5 Ng5 33. Qd4 Bh3+ 0-1


[Site "https://www.chess.com"]